 Dungeon Crawl Stone Soup version 0.27-a0-1586-gd5c625afe7 (webtiles) character file.

Game seed: 12856083220851877616

345 Conn the Firebug (level 6, -5/37 HPs)
             Began as an Octopode Fire Elementalist on July 18, 2021.
             Slain by a centaur (7 damage)
             ... on level 4 of the Dungeon.
             The game lasted 00:11:03 (5290 turns).

Conn the Firebug (Octopode Fire Elementalist)       Turns: 5290, Time: 00:11:04

Health: -5/37      AC:  1    Str:  7    XL:     6   Next: 58%
Magic:  10/11      EV: 13    Int: 19    God:
Gold:   203        SH:  0    Dex: 13    Spells: 1/12 levels left

rFire    . . .     SeeInvis .   g - +0 short sword
rCold    . . .     Faith    .   (no shield)
rNeg     . . .     Spirit   .   (helmet restricted)
rPois    .         Reflect  .   (no amulet)
rElec    .         Harm     .   (no ring)
rCorr    .         Rampage  .   (no ring)
Will     .....                  (no ring)
Stlth    +++.......             (no ring)
HPRegen  0.12/turn              (no ring)
MPRegen  0.12/turn              (no ring)
                                (no ring)
                                (no ring)

@: no status effects
A: almost no armour, amphibious, 8 rings, camouflage 1, gelatinous body 1,
(nimble swimmer 1), tentacles
a: no special abilities


You were on level 4 of the Dungeon.
You visited 1 branch of the dungeon, and saw 4 of its levels.

You collected 203 gold pieces.

Inventory:

Hand Weapons
 a - a +0 dagger
 g - a +0 short sword (weapon)
Scrolls
 n - a scroll of identify
Potions
 j - a potion of mutation


   Skills:
 + Level 0.8 Fighting
 + Level 1.5 Short Blades
 + Level 2.5 Dodging
 + Level 4.1 Stealth
 + Level 3.6 Spellcasting
 + Level 2.5 Conjurations
 + Level 0.1 Hexes
 + Level 4.3 Fire Magic
 + Level 0.3 Evocations


You had one spell level left.
You knew the following spells:

 Your Spells              Type           Power      Damage    Failure   Level
a - Foxfire               Conj/Fire      64%        2x1d7     3%          1
b - Conjure Flame         Conj/Fire      16%        6-21      11%         3
c - Inner Flame           Hex/Fire       12%        N/A       17%         3
d - Sticky Flame          Conj/Fire      16%        2d4       34%         4

Your spell library contained the following spells:

 Spells                   Type           Power      Damage    Failure   Level
 Ensorcelled Hibernation  Hex/Ice        6%         N/A       21%         2
 Slow                     Hex            4%         N/A       21%         2
 Confusing Touch          Hex            4%         N/A       36%         3
 Spider Form              Tmut/Pois      1%         N/A       41%         3
 Fireball                 Conj/Fire      8%         3d6       67%         5
 Yara's Violent Unravell  Hex/Tmut       1%         3d3       98%         5
 Shadow Creatures         Summ           N/A        N/A       100%        6


Dungeon Overview and Level Annotations

Branches:
Dungeon (4/15)             Temple (0/1) D:4

Altars:
Gozag
Okawaru


Innate Abilities, Weirdness & Mutations

You cannot wear most types of armour.
You are amphibious.
You can wear up to eight rings at the same time.
Your skin changes colour to match your surroundings (Stealth+).
Your rubbery body absorbs attacks. (AC +1, EV +1)
((You are camouflaged near water. (Stealth+)))
You have tentacles for arms and can constrict up to eight enemies at once.


Message History

Okay, then.
Unknown command.
Unknown command.
Okay, then.
Press: ? - help, v - describe, . - travel, g - get item
Here: a centaur, quivering arrows (purple smoke, lightly wounded, inner flame, entangled in a net) Item here: a throwing net.
The floor.
Unknown command.
Your magical effects are unravelling.
You feel magically purged.
You feel less wooden.
The centaur struggles against the net. x2
The net rips apart, and the centaur comes free!
As you read the scroll labelled YWICVE XOESODWE, it crumbles to dust.
You hear a loud clanging noise!
It was a scroll of noise.
You hear a shout! x2; You hear an angry hiss.
You hear a shout! x7
You hear an angry hiss.
You hear a shout!
You hear an angry hiss.
You hear a shout! x3
The centaur closely misses you. The centaur misses you.
The centaur closely misses you. The centaur kicks you.
* * * LOW HITPOINT WARNING * * *
Okay, then.
You hit the centaur.
Flame seeps out of the centaur. x2
You squeeze the centaur.
The centaur is heavily wounded.
The centaur closely misses you. The centaur kicks you.
* * * LOW HITPOINT WARNING * * *
Press: ? - help, v - describe, . - travel
Here: a centaur, quivering arrows (purple smoke, heavily wounded, inner flame)
The floor.
Unknown command.
Unknown command.
Unknown command.
Okay, then.
You hit the centaur.
Flame seeps out of the centaur.
The centaur is severely wounded.
The centaur hits you!
You die...

.. ......#c....
...#.......>...
#....#...<.......
#.).............[
#.#....†.c..r....
#<.........J..... ##.#
#....§.# ##..#
#....§######...
###...####...Jc@§§.....
##...........§.####.....
..>...§#####...# .#.
...###.# #.....# ..##
#.# #..#.###
...###.###).#....
...........# .##.#
.≈≈≈≈≈.≈..## ## ...
.......≈.....# ##


You could see a centaur (inner flame) and an endoplasm.

Vanquished Creatures
  A water moccasin (D:3)
  Ijyb (D:3)
  2 orc wizards (D:3)
  7 adders
  A worm (D:2)
  11 dart slugs
  4 orcs
  4 endoplasms
  A giant cockroach (D:2)
  10 goblins
  5 hobgoblins
  6 jackals
  4 kobolds
  A quokka (D:1)
  3 ball pythons
  7 bats
  5 frilled lizards
  6 rats
79 creatures vanquished.

Vanquished Creatures (others)
  267 foxfires
267 creatures vanquished.

Grand Total: 346 creatures vanquished

Notes
Turn   | Place    | Note
-------+----------+-------------------------------------------
     0 | D:1      | Conn the Octopode Fire Elementalist began the quest for the
                  | Orb.
     0 | D:1      | Reached XP level 1. HP: 11/11 MP: 3/3
   235 | D:1      | Reached XP level 2. HP: 15/17 MP: 0/5
   874 | D:1      | Found a faded altar of an unknown god.
  1440 | D:2      | Reached XP level 3. HP: 21/21 MP: 4/6
  1444 | D:2      | Learned a level 3 spell: Conjure Flame
  2142 | D:2      | Reached XP level 4. HP: 27/27 MP: 3/7
  2923 | D:2      | Learned a level 3 spell: Inner Flame
  3274 | D:3      | Reached XP level 5. HP: 24/31 MP: 5/9
  3810 | D:3      | Found an opulent altar of Gozag.
  4216 | D:3      | Noticed Ijyb
  4294 | D:3      | Killed Ijyb
  4295 | D:3      | Reached XP level 6. HP: 5/36 MP: 5/11
  4585 | D:3      | Noticed a water moccasin
  4610 | D:3      | Killed a water moccasin
  4611 | D:3      | Reached skill level 1 in Short Blades
  5138 | D:3      | Learned a level 4 spell: Sticky Flame
  5235 | D:4      | Found an iron altar of Okawaru.
  5267 | D:4      | Found a staircase to the Ecumenical Temple.
  5280 | D:4      | Identified a scroll of acquirement
  5280 | D:4      | Acquired the +4 hat of the Hart {Str+6}
  5290 | D:4      | Slain by a centaur

Illustrated notes

Levels and vault maps discovered:
D:1:      lemuel_arrival_room, layout_basic, dreamdust_ecumenical_altar_statues
D:2:      layout_loops_corners, chequers_serial_rivers_room_b
D:3:      kennysheep_slugbush, layout_loops_ring, grunt_gozag_statues, uniq_ijyb
D:4:      layout_rooms, mainiacjoe_overflow_cross_hatched, lemuel_round_altar,
          minivault_5, minmay_distorted

Skill      XL: |  1  2  3  4  5  6 |
---------------+-------------------+-----
Stealth        | 3 4 |  4.1
Conjurations   | 2 |  2.5
Fire Magic     | 4 |  4.3
Spellcasting   | 3 |  3.6
Short Blades   | 1 |  1.5
Fighting       | |  0.8
Dodging        | |  2.5
Hexes          | |  0.1
Evocations     | |  0.3

Action                   |  1- 3 |  4- 6 || total
-------------------------+-------+-------++-------
Melee: Constrict         |     3 |     8 ||    11
       Dagger            |     2 |       ||     2
       Short sword       |     2 |    45 ||    47
       Tentacles         |       |     4 ||     4
Throw: Throwing net      |       |     3 ||     3
 Cast: Foxfire           |    66 |    90 ||   156
Evoke: Wand              |       |     5 ||     5
  Use: Scroll            |       |     7 ||     7
       Potion            |       |    10 ||    10
 Stab: Sleeping          |     1 |     2 ||     3
       Held in net/web   |       |     1 ||     1
Armor: Skin              |     4 |    42 ||    46
Dodge: Dodged            |    22 |    43 ||    65

Table legend: (Time is in decaauts)
 A = Elapsed time spent in this place.
 B = Non-inter-level travel time spent in this place.
 C = Inter-level travel time spent in this place.
 D = Time resting spent in this place.
 E = Time spent auto-exploring this place.
 F = Levels seen in this place.
 G = Mean time per level.
                   A        B        C        D        E       F      G
               +--------+--------+--------+--------+--------+-----+--------+
         Total |   5292 |   5192 |    100 |    910 |   3354 |   4 | 1323.0 |
       Dungeon |   5292 |   5192 |    100 |    910 |   3354 |   4 | 1323.0 |
               +--------+--------+--------+--------+--------+-----+--------+

Top non-repeatable levels by time:
     D:3: 2192 daAuts
     D:2: 1600 daAuts
     D:1: 1390 daAuts
     D:4: 109 daAuts
